 Dungeon Crawl Stone Soup version 0.27-a0-951-gae3e1deef5 (webtiles) character file.

Game seed: 5583857425199049593

1048 Zeld the Skirmisher (level 8, 0/71 HPs)
             Began as a Hill Orc Fighter on Apr 11, 2021.
             Succumbed to a kobold brigand's poison
             ... on level 5 of the Dungeon.
             The game lasted 00:07:18 (5872 turns).

Zeld the Skirmisher (Hill Orc Fighter)              Turns: 5872, Time: 00:07:19

Health: 0/71       AC:  6    Str: 18 (21) XL:     8   Next: 25%
Magic:  10/12      EV:  7    Int:  7 (8)  God:
Gold:   216        SH:  8    Dex:  7 (10) Spells: 7/7 levels left

rFire    . . .     SeeInvis .   a - +0 war axe
rCold    . . .     Faith    .   c - +0 kite shield
rNeg     . . .     Spirit   +   b - +0 scale mail
rPois    .         Reflect  .   (no helmet)
rElec    .         Harm     .   (no cloak)
rCorr    .         Rampage  .   (no gloves)
Will     .....                  (no boots)
Stlth    ..........             j - amulet of guardian spirit
HPRegen  0.21/turn              (no ring)
MPRegen  0.13/turn              (no ring)

@: lethally poisoned (0 -> -14), hasted, very quick
A: no striking features
a: no special abilities


You were on level 5 of the Dungeon.
You visited 2 branches of the dungeon, and saw 6 of its levels.
You also visited: Ossuary.

You collected 216 gold pieces.

Inventory:

Hand Weapons
 a - a +0 war axe (weapon)
Armour
 b - a +0 scale mail (worn)
 c - a +0 kite shield (worn)
Jewellery
 j - an amulet of guardian spirit (around neck)
Scrolls
 d - a scroll of holy word
 f - a scroll of summoning {unknown}
 i - 3 scrolls of teleportation
 k - 2 scrolls of magic mapping
 l - 2 scrolls of torment {unknown}
 n - a scroll of enchant weapon {unknown}
Potions
 h - a potion of invisibility {unknown}


   Skills:
 * Level 6.4 Fighting
 * Level 6.2 Axes
 - Level 3.6 Armour
 + Level 2.1 Dodging
 - Level 3.2 Shields
 * Level 5.4 Invocations
 * Level 4.1 Evocations


You had 7 spell levels left.
You didn't know any spells.
Your spell library contained the following spells:

 Spells                   Type           Power      Damage    Failure   Level
 Animate Skeleton         Necr           0%         N/A       100%        1
 Apportation              Tloc           0%         N/A       100%        1
 Corona                   Hex            0%         N/A       100%        1
 Summon Small Mammal      Summ           0%         N/A       100%        1


Dungeon Overview and Level Annotations

Branches:
Dungeon (5/15)             Temple (1/1) D:4         Ossuary (visited)

Altars:
Ashenzari
Elyvilon
Gozag
Kikubaaqudgha
Nemelex Xobeh
Okawaru
Qazlal
Ru
Sif Muna
Trog
Uskayaw
Vehumet
Wu Jian
Xom
Yredelemnul
Zin
The Shining One

Shops:
D:3 =


Message History

You closely miss the kobold.
You feel very sick.
The kobold brigand hits you but does no damage.
You are more poisoned.
The kobold hits you with a +0 whip.
The kobold brigand hits you with a +0 whip of venom.
You are more poisoned.
You slash the kobold brigand!
The kobold brigand is severely wounded.
You closely miss the kobold.
You feel extremely sick. You block the kobold's attack.
The kobold brigand hits you but does no damage.
You are lethally poisoned!
The kobold hits you but does no damage.
You are too injured to fight recklessly!
You are too injured to fight recklessly!
Unknown command.
Your shield and scale mail prevent you from hitting the kobold.
You hit the kobold brigand but do no damage.
* * * LOW HITPOINT WARNING * * *
You feel extremely sick. You block the kobold brigand's attack.
The kobold hits you with a +0 whip.
* * * LOW HITPOINT WARNING * * *
The kobold brigand barely misses you.
You slash the kobold!
You kill the kobold!
You closely miss the kobold brigand.
* * * LOW HITPOINT WARNING * * *
You feel extremely sick. You block the kobold brigand's attack.
Unknown command.
It was a potion of degeneration.
There was something very wrong with that liquid.
You feel weakened.
You feel dopey.
You feel clumsy.
* * * LOW HITPOINT WARNING * * *
You feel very sick. You block the kobold brigand's attack.
It was a potion of haste.
You feel yourself speed up.
You die...

#.# #.# #.### ##..
########.# ....##..#
##...# #........#
#....#...##....####
#.########
'....##..#........# #.#
#.....#...........####.#
#.....##.....#......##.#
####.##.....##.K#.#.##.#
#.#.....##..)@...##.#
#.....)..#...#.#.##.#
#.....#..##+.....##.#
#....##...#.........#
#...####..###########
#..## #...# #### ##..#
#..# ##)#


You could see a kobold brigand.

Vanquished Creatures
  A sky beast (D:5)
  3 black bears
  A centaur (D:5)
  2 elf zombies (Ossuary)
  2 hounds (D:4)
  A bullfrog skeleton (D:4)
  3 iguanas
  A hound zombie (D:4)
  4 mummies (Ossuary)
  8 adders
  An ufetubus (D:5)
  2 adder zombies (Ossuary)
  2 worms (D:3)
  2 dart slugs (D:1)
  11 orcs
  10 bats
  5 endoplasms
  10 giant cockroaches
  12 hobgoblins
  7 jackals
  11 kobolds
  6 quokkas
  10 ball pythons
  5 frilled lizards
  A gnoll zombie (Ossuary)
  2 goblins
  2 hobgoblin zombies (Ossuary)
  A jackal zombie (Ossuary)
  A kobold zombie (Ossuary)
  3 orc zombies (Ossuary)
  6 rats
136 creatures vanquished.

Notes
Turn   | Place    | Note
-------+----------+-------------------------------------------
     0 | D:1      | Zeld the Hill Orc Fighter began the quest for the Orb.
     0 | D:1      | Reached XP level 1. HP: 19/19 MP: 1/1
   112 | D:1      | Reached XP level 2. HP: 27/27 MP: 2/2
   317 | D:1      | Reached skill level 1 in Invocations
   409 | D:1      | Reached skill level 1 in Evocations
   439 | D:1      | Reached XP level 3. HP: 33/33 MP: 3/3
   827 | D:2      | Found a faded altar of an unknown god.
  1245 | D:2      | Reached XP level 4. HP: 40/40 MP: 5/5
  2368 | D:3      | Reached XP level 5. HP: 35/47 MP: 6/6
  2894 | D:3      | Found Rueso's Jewellery Emporium.
  3076 | D:4      | Found a white marble altar of Elyvilon.
  3101 | D:4      | Found a shimmering altar of Xom.
  3141 | D:4      | Reached skill level 1 in Dodging
  3154 | D:4      | Found a sand-covered staircase.
  3162 | D:4      | Noticed a black bear
  3171 | Ossuary  | Entered an ossuary
  3200 | Ossuary  | HP: 2/47 [elf zombie (4)]
  3201 | Ossuary  | Reached skill level 5 in Fighting
  3201 | Ossuary  | Reached XP level 6. HP: 3/56 MP: 0/8
  3831 | D:3      | Killed a black bear
  3832 | D:3      | Reached skill level 5 in Axes
  3832 | D:3      | Reached XP level 7. HP: 25/61 MP: 4/10
  4499 | D:4      | Found a bloodstained altar of Trog.
  4745 | D:4      | Found a staircase to the Ecumenical Temple.
  4779 | Temple   | Entered the Ecumenical Temple
  5157 | D:5      | Entered Level 5 of the Dungeon
  5181 | D:5      | Reached skill level 5 in Invocations
  5181 | D:5      | Reached XP level 8. HP: 10/70 MP: 2/11
  5872 | D:5      | Succumbed to a kobold brigand's poison

Illustrated notes

Levels and vault maps discovered:
D:1:      minmay_arrival_up_and_down, layout_basic
D:2:      layout_basic, ebering_ecumenical_altar_webs, minmay_worlds_worst_comb
D:3:      cheibrodos_old_hovel, layout_rooms, serial_shops, shop,
          minmay_increasing_density
D:4:      layout_rooms, nicolae_overflow_crystal_walls, lemuel_round_altar,
          trog_ov_bears_minmay, minmay_temple_entry_junction, serial_glass,
          glass_columns_a, glass_columns_b, glass_columns_b, glass_columns_b,
          glass_columns_b, glass_columns_a, nicolae_ossuary_entry_monument
D:5:      layout_basic, serial_glass, glass_columns_a, glass_columns_b,
          glass_columns_a, glass_columns_a, glass_columns_a, glass_columns_c,
          glass_columns_a, glass_columns_c, glass_columns_b, glass_columns_a,
          minmay_misc_feat_diagonals, minmay_crossroads
Temple:   nicolae_temple_great_sept

Skill      XL: |  1  2  3  4  5  6  7  8 |
---------------+-------------------------+-----
Axes           | 3 4 5 6 |  6.2
Invocations    | 1 2 3 4 5 |  5.4
Evocations     | 1 2 3 4 |  4.1
Fighting       | 4 5 6 |  6.4
Dodging        | 1 2 |  2.1
Armour         | |  3.6
Shields        | |  3.2

Action                   |  1- 3 |  4- 6 |  7- 9 || total
-------------------------+-------+-------+-------++-------
Melee: War axe           |   104 |   206 |   102 ||   412
  Use: Scroll            |       |     4 |     4 ||     8
       Potion            |       |     4 |     2 ||     6
Armor: Scale mail        |    64 |   153 |    83 ||   300
Dodge: Dodged            |    50 |    97 |    61 ||   208
Block: Kite shield       |    59 |   153 |   102 ||   314

Table legend: (Time is in decaauts)
 A = Elapsed time spent in this place.
 B = Non-inter-level travel time spent in this place.
 C = Inter-level travel time spent in this place.
 D = Time resting spent in this place.
 E = Time spent auto-exploring this place.
 F = Levels seen in this place.
 G = Mean time per level.
                   A        B        C        D        E       F      G
               +--------+--------+--------+--------+--------+-----+--------+
         Total |   6093 |   5990 |    103 |   1164 |   3711 |   7 |  870.4 |
       Dungeon |   5366 |   5275 |     91 |    873 |   3392 |   5 | 1073.2 |
        Temple |     86 |     74 |     12 |      0 |     73 |   1 |   86.0 |
       Ossuary |    640 |    640 |      0 |    291 |    246 |   1 |  640.0 |
               +--------+--------+--------+--------+--------+-----+--------+

Top non-repeatable levels by time:
     D:3: 1525 daAuts
     D:2: 1322 daAuts
     D:4: 1305 daAuts
     D:1: 874 daAuts
 Ossuary: 640 daAuts
     D:5: 339 daAuts
  Temple: 86 daAuts
